[Event "Hungarian Championship Women 2022"]
[Site "Budapest"]
[Date "2022.12.12"]
[Round "8.3"]
[White "Karacsonyi, Kata"]
[Black "Ivan-Gal, Hanna Krisztina"]
[Result "1/2-1/2"]
[ECO "B41"]
[WhiteElo "2109"]
[BlackElo "2164"]
[Annotator "TA"]
[PlyCount "117"]
[EventDate "2022.12.03"]
[EventType "tourn"]
[EventCountry "HUN"]
[SourceTitle "playchess.com"]
[Source "ChessBase"]
[SourceQuality "1"]
[TimeControl "40/5400+30:1800+30"]

1. e4 c5 2. Nf3 e6 3. d4 cxd4 4. Nxd4 a6 5. c4 Nf6 6. Nc3 Qc7 7. Be2 Bb4 8. Nc2 Bxc3+ {[%emt 0:00:30] B41: Sicilian: Kan Variation: 5 c4.} 9. bxc3 d6 10. Ba3 Nxe4 {[%emt 0:00:48] White is slightly better.} 11. Qd4 f5 12. Bh5+ Kf8 $1 13. O-O-O (13. Rd1 $5 Nc6 14. Qxe4 $1 (14. Bxd6+ Nxd6 15. Qxd6+ Qxd6 $15) 14... fxe4 15. Bxd6+ Qxd6 16. Rxd6 $11) 13... Nc6 {[%emt 0:00:44] Inhibits f3.} 14. Qe3 Na5 {[%emt 0:01:06] [#]} 15. Qxe4 $146 {[%emt 0:04:27][%mdl 64] Remove Defender} ({Predecessor:} 15. Be2 Kf7 16. f3 Nc5 17. Rxd6 Qxd6 18. Bxc5 f4 19. Bxd6 fxe3 20. Bc7 Nc6 21. Nxe3 {½-½ (55) Ivic,V (2531)-Sprenger,J (2492) Ulcinj 2019}) 15... fxe4 16. Bxd6+ Qxd6 17. Rxd6 Ke7 {[%emt 0:00:06] Prevents Rd8.} 18. Rd4 $36 {[%emt 0:01:13][%mdl 2048] White is pushing.} Rf8 19. Rf1 Bd7 (19... b6 $1 $11) 20. Be2 $14 Bc6 21. Nb4 $1 Rac8 22. g3 {[%emt 0:13:52] Prevents Rf4. White is more active.} ({White should try} 22. Nxc6+ $16 Rxc6 23. Rxe4) 22... Be8 (22... Rf5 $11) 23. Rxe4 Bg6 24. Rd4 Rc7 25. h4 (25. f4 $14) 25... Rfc8 (25... Rc5 $11) 26. Re1 $1 Rd8 (26... Kf8 $14) 27. Red1 ({White should play} 27. Bf1 $16) 27... Rxd4 28. Rxd4 Rc5 29. f4 h5 30. Kd2 Rc7 31. Bd3 Bxd3 32. Kxd3 {[%emt 0:00:06][%mdl 4096] Endgame KRN-KRN} Rc5 33. Re4 Kf6 34. Rd4 (34. Nc2 $16) 34... Ke7 35. Re4 (35. Nc2 $14) 35... Kf6 $1 $16 36. Nc2 Nc6 ({Better is} 36... Rc8) 37. Nd4 Nxd4 38. Rxd4 {[%emt 0:01:44] KR-KR} ({But not} 38. cxd4 $6 Ra5 $11) (38. Kxd4 $142 Rc8 39. c5) 38... Ke7 39. Kc2 Rc7 40. a4 Kf6 41. Kb3 (41. Re4 $16) 41... a5 42. Re4 {[%emt 0:01:43] aiming for Re5.} Rc5 {[%emt 0:00:19] [#] Inhibits Re5.} 43. Kc2 $1 Kf5 44. Kd3 Kg4 (44... e5 {was worth a try.} 45. fxe5 Rxe5) 45. Re3 $2 ({White has to play} 45. Rxe6 $18 {Rg6+ is the strong threat.} Kxg3 46. Rg6+ Kxh4 47. Rxg7) 45... Rc6 $1 $14 46. Re5 {[%emt 0:03:01] Hoping for Rg5+.} (46. Kd4 $5 ) 46... Kxg3 {[%emt 0:00:41] The position is equal.} 47. Rxh5 Kxf4 48. Rxa5 e5 49. Rb5 e4+ 50. Kd2 Rxc4 51. Rxb7 {[%emt 0:00:26] Black must now prevent a5.} Rxa4 52. Rf7+ Ke5 53. Rxg7 Ra2+ 54. Ke3 {[%emt 0:00:08] Strongly threatening Re7+.} Rh2 55. Rg5+ Kf6 56. Rg4 (56. Kxe4 {is a self mate.} Rxh4+ 57. Kd5 Kxg5 58. c4 Kf6 59. c5 Rh2 60. Kd4 Ke6 61. Ke4 Rh4+ 62. Kf3 Rc4 63. Kf2 Ke5 64. Kf3 Rxc5 65. Ke3 Rc3+ 66. Kd2 Kd4 67. Ke2 Ke4 68. Kf2 Re3 69. Kg2 Rf3 70. Kh2 Kf4 71. Kg2 Ke3 72. Kg1 Rf2 73. Kh1 Kf3 74. Kg1 Kg3 75. Kh1 Rf1#) 56... Rh3+ 57. Kd4 Rd3+ 58. Kxe4 Rxc3 59. Rf4+ {[%emt 0:00:20] Weighted Error Value: White=0.21 (precise) /Black=0.14 (very precise)} 1/2-1/2

[Event "Hungarian Championship Women 2022"]
[Site "Budapest"]
[Date "2022.12.12"]
[Round "8.4"]
[White "Mihok-Juhasz, Barbara"]
[Black "Terbe, Julianna"]
[Result "1/2-1/2"]
[ECO "B31"]
[WhiteElo "2206"]
[BlackElo "2282"]
[Annotator "TA"]
[PlyCount "129"]
[EventDate "2022.12.03"]
[EventType "tourn"]
[EventCountry "HUN"]
[SourceTitle "playchess.com"]
[Source "ChessBase"]
[SourceQuality "1"]
[TimeControl "40/5400+30:1800+30"]

1. e4 c5 2. Nf3 Nc6 3. Bb5 g6 4. Bxc6 dxc6 5. d3 Qc7 6. h3 {[%emt 0:00:49] B31: Sicilian: 2...Nc6 3 Bb5 g6.} e5 7. a3 {[%emt 0:00:20] [#]} Nf6 $146 ({Predecessor:} 7... f6 8. Be3 Nh6 9. Qd2 Nf7 10. Qc3 b6 11. b4 cxb4 12. axb4 Bd6 13. Nbd2 Be6 {1-0 (36) Santos Latasa,J (2672)-Serarols Mabras,B (2357) Linares 2022}) 8. O-O {[%emt 0:01:19] White has an edge.} h6 9. b4 cxb4 10. axb4 Bg7 (10... Bxb4 $11 11. Bb2 Bd6) 11. Bb2 $14 Nh5 12. Nbd2 O-O 13. Nc4 Re8 14. d4 exd4 15. Bxd4 (15. e5 $1 $11) 15... Rxe4 $15 16. Bxg7 Nxg7 17. Nd6 Re6 (17... Rxb4 18. Qd2 c5 19. Rfe1 $16) 18. Nc4 b5 19. Ne3 Rd6 20. Qe1 c5 21. Qc3 $1 c4 22. Qe5 (22. Rad1 $5 ) 22... Be6 23. Nd4 Rd7 $1 24. Qxc7 (24. Qxb5 $2 Rxd4 25. Qa5 Qxa5 26. Rxa5 c3 $19) 24... Rxc7 25. c3 Rb7 26. Ra5 Bd7 27. Rfa1 Ne6 ({Black should play} 27... Ne8 $11) 28. Nxe6 $14 fxe6 29. Ng4 Kg7 30. f4 {[%emt 0:01:53][%mdl 1024] White has compensation.} Bc6 31. Kf2 g5 32. g3 Be4 33. Ne5 gxf4 34. gxf4 Bf5 35. h4 (35. Nc6 {simplifies} Bxh3 36. Rxa7 Raxa7 37. Rxa7 Rxa7 38. Nxa7 e5 39. Nxb5 Kf6 40. Nd6) 35... Kf6 36. Ke3 Bc2 37. Ra6 Rg7 (37... h5 {keeps more tension.} 38. Rg1 Bf5 39. Rg5 Rd8) 38. R1a2 {[%emt 0:00:40] [#]} (38. R1a5 $11 {remains equal.}) 38... Bb1 (38... Rg3+ $1 $17 39. Kd4 Rd8+ 40. Kc5 Rd5+ 41. Kc6 Be4 42. Nd7+ Kf5) 39. Ra1 $11 Bc2 40. Rd6 Rg3+ 41. Kd4 Ba4 $2 {[%emt 0:06:49][%mdl 8192] [#]} (41... Kf5 $11 {and Black stays safe.}) 42. Rd7 $2 (42. f5 $1 $18) 42... Rg7 (42... Rf8 {seems wilder.} 43. Rxa7 Rd8+ 44. Kc5 Kf5) 43. Rxg7 (43. Rg1 {feels hotter.} Rxd7+ 44. Nxd7+ Kf5 45. Ke3) 43... Kxg7 $14 {[%emt 0:00:43][%mdl 4096] Endgame KRB-KRN} 44. Rg1+ Kf6 $2 (44... Kh7 $14) 45. Rg6+ $18 Kf5 46. Rxh6 $2 (46. Ke3 $18 {is the precise move to win.} Rh8 47. Rg7) 46... Kxf4 $16 {[%emt 0:01:45] Hoping for ...Rd8+.} 47. Rf6+ (47. Rxe6 Kf5 48. Re7 Rh8 $11) 47... Kg3 48. h5 {[%emt 0:01:47][%cal Bh4h5,Bh5h6][%mdl 32] White is more active.} ({Much worse is} 48. Rxe6 Rh8 $11) 48... Kh4 (48... a5 $16) 49. h6 $18 {[%emt 0:03:06][%cal Oh6h7] Strongly threatening h7!} ({Worse is} 49. Rxe6 Rd8+ 50. Kc5 Kxh5 $11) 49... Rd8+ $2 (49... Kg5 50. Rxe6 Kf5) 50. Ke3 Kg5 {[%emt 0:01:09] Against h7} (50... Bc2 $142 51. Rf4+ (51. Rxe6 Kh5 $16) 51... Kh3) 51. Nf7+ $2 ({Weaker is} 51. Rxe6 Kf5 52. Re7 Kf6 $14) (51. Rf2 $18) 51... Kxf6 $11 {[%emt 0:00:06] The position is equal.} 52. Nxd8 {[%emt 0:00:02] KB-KN} Kg6 53. Nxe6 {[%emt 0:00:33] And now Kd4 would win.} Kxh6 54. Kd4 {[%emt 0:00:28] Kc5 is the strong threat.} Kg6 55. Nd8 Kf5 56. Nc6 Kf4 57. Nxa7 Kf3 58. Nc8 Ke2 59. Nb6 {[%emt 0:01:48] Intending Nxa4 and mate.} Bb3 60. Kc5 Kd3 61. Kxb5 {[%emt 0:00:07] Black must now prevent Nd5.} Kxc3 62. Nxc4 Bxc4+ 63. Kc5 Kb3 64. b5 Bxb5 65. Kxb5 {[%emt 0:00:05] Weighted Error Value: White=0.35/Black=0.34} 1/2-1/2

[Event "Hungarian Championship Women 2022"]
[Site "Budapest"]
[Date "2022.12.12"]
[Round "8.5"]
[White "Szente Varga, Fruzsina"]
[Black "Erdos, Boglarka"]
[Result "0-1"]
[ECO "C47"]
[WhiteElo "2075"]
[BlackElo "2180"]
[Annotator "TA"]
[PlyCount "156"]
[EventDate "2022.12.03"]
[EventType "tourn"]
[EventCountry "HUN"]
[SourceTitle "playchess.com"]
[Source "ChessBase"]
[SourceQuality "1"]
[TimeControl "40/5400+30:1800+30"]

1. e4 e5 2. Nf3 Nc6 3. Nc3 Nf6 4. d4 exd4 5. Nd5 Nb4 6. Nxf6+ Qxf6 7. a3 {[%emt 0:00:17] C47: Scotch Four Knights and Four Knights with 4 g3.} Nc6 8. Bd3 h6 {[%emt 0:11:39] Against Bg5} 9. O-O {[%emt 0:00:21][%cal Oe4e5] The position is equal.} d6 {[%emt 0:03:47] Prevents e5.} 10. Bb5 Bd7 11. Bxc6 Bxc6 {[%emt 0:00:41] [#]} 12. Nxd4 $146 ({Predecessor:} 12. Re1 O-O-O 13. Nxd4 Bd7 14. c4 g5 15. Nb5 Bxb5 16. cxb5 Bg7 17. Qa4 Qd4 18. Qa5 {½-½ (30) Gradowski,G-Shoup,K GER corr 1997}) 12... Bd7 13. f4 (13. Qd3 $142) 13... O-O-O $11 14. Qd3 c5 15. Nf3 Bc6 16. Rb1 Qe7 17. Re1 g6 (17... Re8 $5 ) 18. b4 b6 19. a4 (19. Bb2 $14 Rg8 20. Rbd1) 19... Bg7 20. a5 Rhe8 21. axb6 axb6 22. bxc5 dxc5 23. Qa3 Qb7 24. e5 Kc7 25. Be3 {[%emt 0:04:46] Black must now prevent Bxc5.} Bf8 (25... Bxf3 26. Bxc5 Bf8 27. Bxf8 (27. gxf3 $2 Bxc5+ $19) (27. Rxb6 Qa8 $14) 27... Rxf8 28. gxf3 $16) 26. Kf2 Rd7 27. Rb2 Ra8 28. Qc3 Qa6 29. Reb1 {[%emt 0:00:42] Hoping for Rxb6.} Qa5 30. Qb3 (30. Qc4 $1 $11) 30... Ra6 (30... b5 $15 31. c3 Qa4) 31. Qc4 Qa4 $36 {[%emt 0:02:47][%mdl 2048] Black has the initiative.} 32. Qe2 Bb7 33. Nd2 Qc6 (33... Bd5 $11) 34. Kg1 $14 {[%emt 0:00:31] Strongly threatening Nc4.} Ra4 35. c3 {[%emt 0:02:43] Prevents Rb4.} (35. Rxb6 $16 Qxb6 36. Rxb6 Kxb6 37. h3) 35... Ba6 $11 36. Qg4 (36. Qf2 $11) 36... b5 $15 {[%emt 0:00:59] Active counter play!} 37. Kf2 (37. Qe2 $15) 37... h5 (37... Rd3 $142 38. Rc1 Bb7) 38. Qg5 (38. Qe2 $17) 38... Be7 $19 39. Qg3 h4 40. Qg4 (40. Qf3 $142) 40... Qd5 (40... Rd3 $19 41. Rc1 g5) 41. Nb3 ({Don't blunder} 41. c4 $2 bxc4 42. f5 (42. Rb6 $2 c3 $19) 42... gxf5 $19) (41. Rc1 $17 {is a better defense.}) 41... Qc6 $2 ({Better is} 41... Qc4 $19 42. Rc1 Rd3) 42. Qf3 $2 (42. Nd2 $1 $11 {and White stays safe.}) 42... Qxf3+ 43. gxf3 Rd5 (43... Kc6 $19 44. Nd2 Rd3) 44. Nd2 $17 Rd3 45. Rc2 (45. Ne4 $17 Kc6 46. Bd2) 45... Ra3 46. Ne4 Kc6 47. Rbb2 $2 {[%emt 0:08:23] Inhibits b4.} (47. Bc1 $17 {might work better.} Ra4 48. Rbb2) 47... Ra1 $2 ({Don't go for} 47... b4 $2 48. h3 $19) (47... h3 $19 {[%cal Ob5b4] is more deadly. aiming for ...b4!} 48. Ra2 b4 49. Bxc5 Bxc5+ 50. Nxc5 Kxc5 51. cxb4+ Kxb4 52. Rxa3 Rxa3) 48. Ra2 {[%emt 0:00:44] [#]} Rdd1 49. Rxa1 Rxa1 50. Rd2 Bc8 51. Nd6 {[%emt 0:00:28] Against h3} (51. Ng5 $17) 51... Be6 52. Rb2 Ra2 (52... Bxd6 $19 53. exd6 Ra3) 53. Rxa2 Bxa2 {[%emt 0:00:06][%mdl 4096] Endgame KBB-KBN} 54. f5 {[%emt 0:06:55] [#]} (54. Bd2 $17) 54... gxf5 $1 $19 55. Nxf5 Bd8 56. Ke2 b4 57. cxb4 (57. Kd2 {was called for.}) 57... cxb4 58. Kd2 Kd5 59. Nd4 $2 (59. Bf4) 59... Bb6 (59... Kxe5 $2 60. Nc6+ Kf5 61. Nxd8 $18) 60. Nc2 Bxe3+ 61. Kxe3 {[%emt 0:00:08] KB-KN} b3 ({And not} 61... Kxe5 62. Nxb4 Bc4 63. Nc6+ Kf5 64. Nd8 $11) 62. Nb4+ Kxe5 63. Nd3+ Kd5 64. Nb2 Bb1 65. Kd2 Kd4 66. Na4 Bg6 67. Nb2 Bh5 68. f4 Bg6 69. Na4 Bc2 70. Nc3 Bf5 {[%emt 0:00:25] ( -> ...b2)} 71. Na4 {[%emt 0:00:04] Against b2} Be6 {[%emt 0:00:31] Threatens to win with ...f5.} 72. Nc3 f6 73. Na4 Bd5 (73... Bg8 $142 74. Kd1 Ke4) 74. Nb6 Bc6 {[%emt 0:00:32] Black mates.} 75. Nc8 Be4 76. Na7 b2 77. Nb5+ Kc5 78. Nc3 b1=Q {[%emt 0:00:13] Weighted Error Value: White=0.46/Black=0.30} 0-1

[Event "Hungarian Championship Women 2022"]
[Site "Budapest"]
[Date "2022.12.13"]
[Round "9.1"]
[White "Erdos, Boglarka"]
[Black "Terbe, Zsuzsanna"]
[Result "1-0"]
[ECO "B31"]
[WhiteElo "2180"]
[BlackElo "2114"]
[Annotator "TA"]
[PlyCount "111"]
[EventDate "2022.12.03"]
[EventType "tourn"]
[EventCountry "HUN"]
[SourceTitle "playchess.com"]
[Source "ChessBase"]
[SourceQuality "1"]
[TimeControl "40/5400+30:1800+30"]

1. e4 c5 2. Nf3 Nc6 3. Bb5 g6 4. c3 Bg7 5. O-O Nf6 6. Re1 O-O 7. d4 d5 8. e5 Ne4 9. Bxc6 bxc6 10. Be3 $1 {[%emt 0:00:05][%mdl 4] is now more promising than 10.Nbd2. B31: Sicilian: 2...Nc6 3 Bb5 g6.} Qb6 11. Qc1 c4 12. Nbd2 {[%emt 0:00:52] The position is equal.} Nxd2 13. Nxd2 Bf5 14. b3 Bd3 {[%emt 0:01:56] [#]} 15. h4 $146 ({Predecessor:} 15. Qa3 Rfe8 16. Qa4 Qb5 17. Qxb5 cxb5 18. a4 b4 19. Rec1 Rec8 20. bxc4 dxc4 21. cxb4 {0-1 (50) Alekseev,E (2626)-Vokhidov,S (2512) Chess.com INT 2020}) 15... Qa5 16. Nf3 f6 17. b4 (17. Bf4 $14 {deserves consideration.}) 17... Qd8 18. Bh6 Qc8 $2 (18... a5 $11) 19. Bxg7 $16 Kxg7 20. exf6+ exf6 21. Re7+ Rf7 22. Rxf7+ Kxf7 {[%emt 0:00:02] [#]} 23. Qf4 $1 Kg7 {[%emt 0:10:22] [#]} 24. Qd6 {[%emt 0:10:06] Re1 is the strong threat.} Qe8 (24... Qd8 $16 25. Qxc6 Rc8) 25. Re1 $18 Be4 26. Nd2 {[%emt 0:01:11] Strongly threatening f3.} Rd8 {[%emt 0:00:25] Inhibits f3.} 27. Qf4 {[%emt 0:04:14] Threatens to win with f3.} Qf7 28. Nxe4 Re8 {[%emt 0:00:21] [#]} 29. Re3 $1 {[%emt 0:00:32] Black must now prevent Nd6.} dxe4 30. Rxe4 Rxe4 31. Qxe4 {[%emt 0:00:03][%mdl 4096] Endgame KQ-KQ} Qd7 32. a4 a6 33. Qe2 Qf7 34. Qe4 Qd7 35. a5 Kf7 36. f3 Qd6 37. h5 Kg7 38. hxg6 hxg6 39. Kf2 Kf7 40. g3 Qd7 41. Qf4 Qh3 $2 (41... Qd8 42. Qg4 Qe8) 42. Qc7+ Kg8 43. Qxc6 Qh2+ 44. Ke3 Qg1+ 45. Ke4 Qe1+ 46. Kd5 {[%emt 0:04:15] Threatening mate with Qe6+.} Qxc3 47. Qxc4 Qxf3+ 48. Ke6 {[%emt 0:01:20] Qd5 would kill now.} Kg7 49. Qc7+ Kh8 50. d5 {[%emt 0:03:42] White threatens Qf4 and mate.} Qf5+ 51. Ke7 {[%emt 0:00:38] White wants to mate with Kf8.} Kg7 52. Ke8+ {[%emt 0:00:57] White mates.} Kg8 53. Qf7+ Kh8 54. Qe6 Qg5 55. Kf7 Kh7 56. Qh3+ {[%emt 0:00:07] Weighted Error Value: White=0.14 (very precise) /Black=0.66} 1-0

[Event "Hungarian Championship Women 2022"]
[Site "Budapest"]
[Date "2022.12.13"]
[Round "9.2"]
[White "Terbe, Julianna"]
[Black "Szente Varga, Fruzsina"]
[Result "1-0"]
[ECO "A90"]
[WhiteElo "2282"]
[BlackElo "2075"]
[Annotator "TA"]
[PlyCount "89"]
[EventDate "2022.12.03"]
[EventType "tourn"]
[EventCountry "HUN"]
[SourceTitle "playchess.com"]
[Source "ChessBase"]
[SourceQuality "1"]
[TimeControl "40/5400+30:1800+30"]

1. d4 e6 2. c4 f5 3. g3 Nf6 4. Bg2 d5 5. Nf3 c6 6. O-O Bd6 7. b3 Qe7 8. a4 a5 9. Ba3 Bxa3 10. Nxa3 Na6 {[%emt 0:00:30] A90: Dutch Defence: Miscellaneous and Modern Stonewall (with ...Bd6).} 11. Nc2 {[%emt 0:01:24] [#]} Ne4 $146 ({Predecessor:} 11... O-O 12. Ne5 Bd7 13. Qd2 b6 14. f3 Rac8 15. Rae1 c5 16. e4 fxe4 17. fxe4 cxd4 18. exd5 exd5 {1-0 (27) Harshavardhan,G (2397)-Milanovic,V (2293) Chess.com INT 2020}) 12. Ne5 O-O {[%emt 0:02:41] White is slightly better.} 13. f3 Nd6 14. Qd2 Nc7 ({Black should play} 14... Qc7 $14) 15. e4 (15. Ne1 $16) 15... f4 16. c5 Nde8 (16... Nf7 $142) 17. gxf4 {[%emt 0:08:06] White is much more active.} (17. Ne1 $142) 17... Qh4 18. Nd3 Nf6 19. Qf2 $1 Qh6 20. Ne3 Nh5 (20... g6 $16 {is a better defense.} 21. Ng4 Qg7) 21. Ng4 $18 Qg6 22. Kh1 (22. Qh4 $18) 22... Qf7 (22... Nxf4 $16 23. Nxf4 Rxf4) 23. Nde5 (23. Rg1 $18) 23... Qe7 $16 24. Rg1 Nxf4 25. Qe3 Bd7 26. Bf1 (26. Nf2 {feels hotter.} Be8 27. Bh3 Qh4 28. Rg4) 26... Be8 27. Bd3 Bh5 28. Rg3 (28. Rae1 {simplifies} Qh4 29. Rg3 Nxd3 30. Qxd3 Bxg4 31. Nxg4 g6 32. Qd2) 28... Kh8 29. Rag1 Qh4 (29... g6 $14) 30. Nf2 (30. Nd7 $1 $18) 30... g6 {[%emt 0:02:11] [#]} (30... Ne8 $142) 31. Bf1 $1 Ne8 (31... Rae8 $16 32. Nh3 Nxh3 33. Bxh3 (33. Rxh3 Qf4 $16) 33... Qf4) 32. Nh3 $18 Nxh3 33. Rxh3 ({Less strong is} 33. Bxh3 Qf4 34. Qd3 Rd8 $14) 33... Qf4 34. Qxf4 Rxf4 {[%emt 0:00:08] [#]} 35. Rxg6 $40 {[%emt 0:00:42][%mdl 640] White attacks with force.} Bxf3+ {[%emt 0:04:56] [#]} (35... Ng7 36. Bd3) 36. Bg2 $1 ({But not} 36. Nxf3 $6 Rxf3 37. Rxf3 hxg6 $16) 36... Bxe4 $2 (36... Bxg2+ 37. Kxg2 Rf6) 37. Bxe4 (37. Rxe6 $2 Rf1#) 37... dxe4 38. Rg1 {[%emt 0:03:11] aiming for Ng6+.} Rf6 39. Ng6+ Rxg6 40. Rxg6 {[%emt 0:00:00] KRR-KRN} Ng7 $2 (40... e5 41. dxe5 Ng7) 41. Rgh6 Kg8 42. Rxh7 {[%emt 0:00:14] Strongly threatening Rh8+.} Rf8 $2 (42... Re8 43. R7h4 Nf5 44. Rxe4 Kg7) 43. Rh8+ {[%emt 0:00:31] White is clearly winning.} Kf7 44. Rxf8+ Kxf8 45. Re3 {[%emt 0:00:26] Weighted Error Value: White=0.26 (precise) /Black=0.47} 1-0

[Event "Hungarian Championship Women 2022"]
[Site "Budapest"]
[Date "2022.12.13"]
[Round "9.3"]
[White "Ivan-Gal, Hanna Krisztina"]
[Black "Mihok-Juhasz, Barbara"]
[Result "1-0"]
[ECO "B31"]
[WhiteElo "2164"]
[BlackElo "2206"]
[Annotator "TA"]
[PlyCount "80"]
[EventDate "2022.12.03"]
[EventType "tourn"]
[EventCountry "HUN"]
[SourceTitle "playchess.com"]
[Source "ChessBase"]
[SourceQuality "1"]
[TimeControl "40/5400+30:1800+30"]

1. e4 c5 2. Nf3 Nc6 3. Bb5 g6 4. Bxc6 bxc6 5. d4 cxd4 6. Qxd4 {[%emt 0:00:12] B31: Sicilian: 2...Nc6 3 Bb5 g6.} f6 {[%emt 0:00:04] The main line 6...f6 scores better than 6...Nf6.} 7. O-O d6 8. c4 {[%emt 0:02:04] White has an edge.} c5 9. Qd3 Bg7 10. Nc3 Rb8 11. b3 Nh6 12. Bb2 O-O 13. Rfe1 Nf7 {[%emt 0:05:37] [#]} 14. Nd5 $146 ({Predecessor:} 14. h3 Bb7 15. Rad1 Bc6 16. Qc2 Qc7 17. Nd5 Qb7 18. Bc3 Ra8 19. h4 a5 20. h5 {½-½ (66) Sethuraman,S (2638)-Ismagambetov,A (2528) Moscow 2019}) 14... e6 15. Nc3 f5 16. Rad1 Qa5 {[%emt 0:01:55] Against e5} 17. Re2 a6 18. Na4 ({Better is} 18. h4 $16) 18... Bxb2 19. Rxb2 (19. exf5 $5 gxf5 20. Rxb2 $11) 19... fxe4 20. Qxe4 Bb7 (20... Bd7 $5 21. Rdb1 Rfe8 $11) 21. Qe3 (21. Qxe6 $2 {is the wrong capture.} Rbe8 22. Qd7 Bxf3 23. gxf3 Re1+ 24. Rxe1 Qxe1+ 25. Kg2 Ng5 26. Qxd6 Nxf3 $19) 21... Bxf3 (21... Rbe8 $14) 22. Qxf3 $16 d5 23. cxd5 exd5 24. Qxd5 Rbd8 25. Qf3 {[%emt 0:00:10] White is much more active.} (25. Qxc5 $2 Rxd1#) 25... Rfe8 {[%emt 0:02:52][%cal Oa5e1] [#] ( -> ...Qe1+!)} 26. Rbb1 c4 27. h3 Rxd1+ 28. Rxd1 Re1+ 29. Rxe1 Qxe1+ {[%emt 0:00:01][%mdl 4096] Endgame KQN-KQN} 30. Kh2 Qe5+ 31. Qg3 Qd4 32. bxc4 Qxc4 33. Nc3 Kg7 34. a3 h5 35. Nd1 Qe6 36. Ne3 Nd6 37. Qf4 Ne4 38. Nc2 (38. g3 $142) 38... Nf6 39. Qc7+ Kh6 40. Nd4 Nd5 $2 {[%emt 0:00:00][%mdl 8192] Weighted Error Value: White=0.10 (very precise) /Black=0.14 (very precise)} (40... Qd5 $16) 1-0

[Event "Hungarian Championship Women 2022"]
[Site "Budapest"]
[Date "2022.12.13"]
[Round "9.4"]
[White "Dudas, Eszter"]
[Black "Karacsonyi, Kata"]
[Result "0-1"]
[ECO "B31"]
[WhiteElo "2135"]
[BlackElo "2109"]
[Annotator "TA"]
[PlyCount "84"]
[EventDate "2022.12.03"]
[EventType "tourn"]
[EventCountry "HUN"]
[SourceTitle "playchess.com"]
[Source "ChessBase"]
[SourceQuality "1"]
[TimeControl "40/5400+30:1800+30"]

1. e4 c5 2. Nf3 Nc6 3. Bb5 g6 4. O-O Bg7 5. Re1 a6 6. Bxc6 dxc6 7. d3 {[%emt 0:05:40] B31: Sicilian: 2...Nc6 3 Bb5 g6.} Nf6 8. h3 O-O 9. Be3 {[%emt 0:02:32] White has an edge.} Nd7 10. Nc3 b6 11. Qd2 {[%emt 0:08:19] [#]} Ne5 $146 (11... e5 12. Nh2 Re8 13. Rf1 Nf8 14. Bh6 Qe7 15. Bxg7 Kxg7 16. f4 exf4 17. Qxf4 Be6) ({Predecessor:} 11... e5 12. Nh2 Re8 13. Rf1 Nf8 14. Bh6 Qe7 15. Bxg7 Kxg7 16. f4 exf4 17. Qxf4 Be6 {0-1 (65) Nguyen,L (2427)-Bui,T (1331) Hanoi 2021}) 12. Nh2 f5 (12... f6 $14) 13. f4 Nf7 14. e5 g5 15. Nf3 (15. fxg5 Nxe5 16. Bf2 Qd6) (15. fxg5 Nxe5 16. Bf2 Nf7 $11) 15... gxf4 16. Bxf4 Be6 17. a3 (17. Rad1 $16) 17... Qc7 (17... Nh8 $14) 18. Rad1 Rad8 19. Qe3 Qc8 (19... Nh8 $16) 20. Rd2 Nh8 21. Ne2 (21. Nh4 $1 $18) 21... Ng6 $16 22. h4 (22. Bg5) (22. Bg5 $16) 22... Bd5 $14 23. Ng3 $2 (23. Ng5 $14 {keeps the upper hand.}) 23... Bxf3 $1 $17 24. Qxf3 {[%emt 0:00:55] [#]} Qe6 $2 (24... Nxh4 25. Qe3 $15) ({Black should try} 24... Nxf4 $1 $17 25. Qxf4 Rd4) 25. Rde2 $2 {[%emt 0:00:51] [#]} (25. Nh5 $1 $14 {stays ahead.}) 25... Nxh4 (25... Nxf4 $1 $17 26. Qxf4 Rd4) 26. Qh5 (26. Qf2 $11) 26... Ng6 $36 {[%emt 0:00:37][%mdl 2048] Black is on the roll.} 27. Rf1 (27. Bh6 $142) 27... Rd4 (27... Bxe5 $2 28. Bxe5 Nxe5 29. Rxf5 Rxf5 30. Nxf5 $18) 28. Bg5 (28. Ref2 $17) 28... h6 ({Inferior is} 28... Bxe5 29. Rf3 $19) ({Not} 28... Nxe5 29. Qh3 Rg4 30. Bf4 $14) 29. Bxh6 Rh4 (29... Nxe5 $2 30. Bxg7 Kxg7 31. Rxf5 $18) 30. Bxg7 {[%emt 0:00:18] aiming for Qg5.} Rxh5 {[%emt 0:00:39] Dancing on a razor blade.} 31. Nxh5 Rf7 32. Bh6 Qd5 (32... Nxe5 $2 {is the wrong capture.} 33. Bf4 Qg6 34. Bxe5 Qxh5 35. Ref2 $19) 33. Bf4 $2 (33. c3 {was worth a try.}) 33... Qd4+ {[%emt 0:01:04] Black is clearly winning.} 34. Rff2 (34. Ref2 $142) 34... Rh7 $19 35. Be3 Qh4 36. Rxf5 Rxh5 37. Rxh5 Qxh5 38. Rf2 Qxe5 39. Bc1 Qe1+ 40. Rf1 Qe2 41. Rf2 Qd1+ 42. Rf1 Qxc2 {[%emt 0:00:06] Quite a comeback for Black.   Weighted Error Value: White=0.84/Black=0.25 (precise)} 0-1